[Event "55th Biel Festival MTO 2022"]
[Site "Biel"]
[Date "2022.07.15"]
[Round "2.23"]
[White "Kornitzky Tino"]
[Black "Bharath Subramaniyam H"]
[Result "0-1"]
[ECO "A50"]
[WhiteElo "2141"]
[BlackElo "2479"]
[Annotator "ChessBase"]
[PlyCount "84"]
[EventDate "2022.07.13"]
[EventType "swiss"]
[EventCountry "SUI"]
[SourceTitle "playchess.com"]
[Source "ChessBase"]
[SourceQuality "1"]
[TimeControl "40/5400+30:1800+30"]

1. d4 Nf6 2. c4 b6 3. Nc3 Bb7 4. d5 e6 5. g3 Bb4 6. Bg2 Bxc3+ 7. bxc3 O-O 8. Nh3 d6 9. O-O Kh8 10. Re1 Nbd7 11. Nf4 Qe7 12. Nd3 a5 13. e4 Ba6 14. Ba3 e5 15. Qa4 Nc5 16. Bxc5 bxc5 17. Rab1 Qd7 18. Rb5 Bxb5 19. cxb5 Qe7 20. f4 Nd7 21. Bh3 Nb6 22. Qc2 c4 23. Nf2 exf4 24. gxf4 Nxd5 25. Qd2 Nf6 26. Qd4 Nh5 27. e5 Rad8 28. Qxc4 dxe5 29. Rxe5 Qh4 30. Bg4 Nf6 31. Bf3 Rd2 32. Qc5 Nd7 33. Rh5 Nxc5 34. Rxh4 Rxa2 35. Bd5 Ra1+ 36. Kg2 a4 37. Ng4 Rd1 38. Bc4 a3 39. Ne5 a2 40. Bxf7 Rg1+ 41. Kxg1 a1=Q+ 42. Kg2 Rxf7 0-1

[Event "55th Biel Festival MTO 2022"]
[Site "Biel"]
[Date "2022.07.15"]
[Round "2.26"]
[White "Petrov Martin"]
[Black "Akshit Kumar J"]
[Result "1-0"]
[ECO "D04"]
[WhiteElo "2534"]
[BlackElo "2103"]
[Annotator "ChessBase"]
[PlyCount "67"]
[EventDate "2022.07.13"]
[EventType "swiss"]
[EventCountry "SUI"]
[SourceTitle "playchess.com"]
[Source "ChessBase"]
[SourceQuality "1"]
[TimeControl "40/5400+30:1800+30"]

1. Nf3 d5 2. d4 Nf6 3. e3 c6 4. b3 Bg4 5. Be2 Nbd7 6. O-O e6 7. Bb2 Bd6 8. Nbd2 Qc7 9. h3 Bh5 10. c4 O-O 11. c5 Be7 12. b4 Rfe8 13. Rc1 Rad8 14. Re1 Ne4 15. Nxe4 dxe4 16. Nd2 Bg6 17. Nc4 e5 18. Qb3 exd4 19. Bxd4 Bf8 20. Red1 Nf6 21. Qb2 Nd5 22. Be5 Qe7 23. Bg3 Qg5 24. h4 Qh6 25. Nd6 Re7 26. b5 Nf6 27. Rd4 Red7 28. Rcd1 Bh5 29. Nxb7 Rxd4 30. exd4 e3 31. Nxd8 Ne4 32. Bxh5 Qxh5 33. Re1 exf2+ 34. Bxf2 1-0

[Event "55th Biel Festival MTO 2022"]
[Site "Biel"]
[Date "2022.07.15"]
[Round "2.28"]
[White "Giacomini Hector"]
[Black "Hilby Craig"]
[Result "1/2-1/2"]
[ECO "D05"]
[WhiteElo "2091"]
[BlackElo "2422"]
[Annotator "ChessBase"]
[PlyCount "72"]
[EventDate "2022.07.13"]
[EventType "swiss"]
[EventCountry "SUI"]
[SourceTitle "playchess.com"]
[Source "ChessBase"]
[SourceQuality "1"]
[TimeControl "40/5400+30:1800+30"]

1. Nf3 Nf6 2. e3 e6 3. d4 c5 4. Bd3 d5 5. c3 b6 6. Nbd2 Bb7 7. O-O Nbd7 8. Qe2 Ne4 9. c4 Bd6 10. cxd5 exd5 11. Ba6 Bxa6 12. Qxa6 O-O 13. b3 Ndf6 14. Qd3 a5 15. Bb2 a4 16. dxc5 bxc5 17. Rfd1 Be7 18. Nxe4 dxe4 19. Qc2 Qc7 20. Be5 Qa7 21. Nd2 Ng4 22. Bg3 f5 23. Rac1 Nf6 24. Nc4 axb3 25. axb3 Qa2 26. Qc3 Rad8 27. Bd6 Qa7 28. Qe5 Bxd6 29. Nxd6 g6 30. Nc4 Rde8 31. Qc3 Rb8 32. h3 Qf7 33. Ne5 Qxb3 34. Qxb3+ Rxb3 35. Rxc5 Rb7 36. Rdc1 Nd7 1/2-1/2

[Event "55th Biel Festival MTO 2022"]
[Site "Biel"]
[Date "2022.07.15"]
[Round "2.31"]
[White "Aydin Gulenay"]
[Black "Seul, Georg"]
[Result "1/2-1/2"]
[ECO "B13"]
[WhiteElo "2100"]
[BlackElo "2367"]
[Annotator "ChessBase"]
[PlyCount "64"]
[EventDate "2022.07.13"]
[EventType "swiss"]
[EventCountry "SUI"]
[SourceTitle "playchess.com"]
[Source "ChessBase"]
[SourceQuality "1"]
[TimeControl "40/5400+30:1800+30"]

1. e4 d5 2. d4 c6 3. exd5 cxd5 4. Bd3 Nf6 5. c3 Bg4 6. Qb3 Qc7 7. h3 Bd7 8. Nf3 Nc6 9. O-O e6 10. Re1 Bd6 11. Qd1 O-O 12. Qe2 Be8 13. Nbd2 Nh5 14. Bxh7+ Kxh7 15. Ng5+ Kh6 16. Ndf3 Bf4 17. Bxf4 Qxf4 18. g3 Nxg3 19. fxg3 Qxg3+ 20. Kh1 g6 21. Rg1 Qd6 22. Raf1 Kg7 23. Ne5 Ne7 24. Qh5 gxh5 25. Ngxf7+ Kh7 26. Nxd6 Bg6 27. Nxg6 Rxf1 28. Rxf1 Kxg6 29. Rg1+ Kf6 30. Rf1+ Kg6 31. Rg1+ Kf6 32. Rf1+ Kg6 1/2-1/2

[Event "55th Biel Festival MTO 2022"]
[Site "Biel"]
[Date "2022.07.15"]
[Round "2.32"]
[White "Hugentobler Patrick"]
[Black "Raja Harshit"]
[Result "0-1"]
[ECO "B23"]
[WhiteElo "2148"]
[BlackElo "2477"]
[Annotator "ChessBase"]
[PlyCount "48"]
[EventDate "2022.07.13"]
[EventType "swiss"]
[EventCountry "SUI"]
[SourceTitle "playchess.com"]
[Source "ChessBase"]
[SourceQuality "1"]
[TimeControl "40/5400+30:1800+30"]

1. e4 c5 2. Nc3 d6 3. f4 g6 4. Nf3 Bg7 5. Bc4 Nc6 6. O-O Nf6 7. d3 O-O 8. Qe1 Nd4 9. Nxd4 cxd4 10. Ne2 d5 11. exd5 Nxd5 12. Bxd5 Qxd5 13. Ng3 f5 14. Qxe7 Be6 15. Bd2 Rac8 16. c4 dxc3 17. Bxc3 Rf7 18. Qa3 Bf8 19. Qa4 Qxd3 20. Kh1 b5 21. Qd4 Qxd4 22. Bxd4 Rd7 23. Be5 Rc2 24. Rfd1 Bd5 0-1

[Event "55th Biel Festival MTO 2022"]
[Site "Biel"]
[Date "2022.07.15"]
[Round "2.33"]
[White "Licznerski Lukasz"]
[Black "Jaksland Tim"]
[Result "1-0"]
[ECO "C91"]
[WhiteElo "2451"]
[BlackElo "2149"]
[Annotator "ChessBase"]
[PlyCount "143"]
[EventDate "2022.07.13"]
[EventType "swiss"]
[EventCountry "SUI"]
[SourceTitle "playchess.com"]
[Source "ChessBase"]
[SourceQuality "1"]
[TimeControl "40/5400+30:1800+30"]

1. e4 e5 2. Nf3 Nc6 3. Bb5 a6 4. Ba4 Nf6 5. O-O Be7 6. Re1 b5 7. Bb3 d6 8. c3 O-O 9. d4 Bg4 10. d5 Na5 11. Bc2 Qc8 12. Nbd2 c6 13. h3 Bd7 14. dxc6 Qxc6 15. Nf1 Rfc8 16. Bd3 h6 17. Ng3 Nb7 18. Nh4 Nc5 19. Nhf5 Bf8 20. Bc2 Be6 21. Qf3 Ncd7 22. Ne3 d5 23. exd5 Nxd5 24. Rd1 N5f6 25. Qxc6 Rxc6 26. Nef5 Rb8 27. Be3 Rc7 28. Bb3 Nc5 29. Bxc5 Bxc5 30. Bxe6 fxe6 31. Nd6 Kf8 32. a3 Ke7 33. Nde4 Bb6 34. Rd2 Rd7 35. Rxd7+ Kxd7 36. Rd1+ Ke7 37. Kf1 Rb7 38. Ke2 Rd7 39. Rxd7+ Kxd7 40. Kd3 Nd5 41. Ne2 Kc6 42. c4 Nf6 43. N2c3 Bd4 44. cxb5+ axb5 45. b3 Nd5 46. Ne2 Bb6 47. g3 Nf6 48. f3 Nd5 49. N2c3 b4 50. axb4 Nxb4+ 51. Kc4 Nc2 52. b4 Ne3+ 53. Kd3 Nd5 54. Kc4 Nf6 55. b5+ Kc7 56. Nc5 Kd6 57. N3e4+ Nxe4 58. Nxe4+ Kc7 59. Nc5 Kd6 60. Ne4+ Kc7 61. g4 Bg1 62. Kb4 Bb6 63. Nd2 Bf2 64. Nc4 Be1+ 65. Kb3 Bg3 66. Kc3 Kd7 67. Kd3 Kc7 68. Ke4 Bh2 69. h4 g6 70. Nxe5 g5 71. h5 Kd6 72. b6 1-0

[Event "55th Biel Festival MTO 2022"]
[Site "Biel"]
[Date "2022.07.15"]
[Round "2.34"]
[White "Costa, Jean-Luc"]
[Black "Foerster-Yialamas Lucas"]
[Result "0-1"]
[ECO "D91"]
[WhiteElo "2417"]
[BlackElo "2147"]
[Annotator "ChessBase"]
[PlyCount "116"]
[EventDate "2022.07.13"]
[EventType "swiss"]
[EventCountry "SUI"]
[SourceTitle "playchess.com"]
[Source "ChessBase"]
[SourceQuality "1"]
[TimeControl "40/5400+30:1800+30"]

1. d4 Nf6 2. c4 g6 3. Nf3 Bg7 4. Nc3 d5 5. Bg5 Ne4 6. cxd5 Nxg5 7. Nxg5 e6 8. Nf3 exd5 9. b4 O-O 10. e3 Re8 11. Be2 c6 12. Rc1 b5 13. a4 a5 14. axb5 axb4 15. Nb1 cxb5 16. Nbd2 Ra3 17. Bxb5 Re7 18. Nb3 Bg4 19. O-O Bxf3 20. gxf3 Rb7 21. Be2 Bf8 22. f4 Na6 23. Bf3 Rb6 24. Kh1 Nc7 25. Qc2 Nb5 26. Nc5 Nxd4 27. Qd1 Nxf3 28. Qxf3 b3 29. e4 dxe4 30. Qe3 Rb5 31. Rfd1 Qa8 32. Nd7 b2 33. Nf6+ Kh8 34. Qd4 Rb4 35. Qe5 e3+ 36. Kg1 exf2+ 37. Kf1 Qh1+ 38. Ke2 f1=Q+ 39. Rxf1 Qxh2+ 40. Rf2 Re3+ 41. Qxe3 bxc1=Q 42. Qxc1 Qh3 43. Qa1 Qb3 44. Nd7+ Qb2+ 45. Qxb2+ Rxb2+ 46. Kf3 Rxf2+ 47. Kxf2 Bd6 48. f5 Kg7 49. Kf3 gxf5 50. Nb6 h5 51. Nd5 h4 52. Kg2 Kg6 53. Nc3 Kg5 54. Ne2 Kg4 55. Ng1 h3+ 56. Kh1 f4 57. Ne2 f3 58. Ng1 f2 0-1

[Event "55th Biel Festival MTO 2022"]
[Site "Biel"]
[Date "2022.07.15"]
[Round "2.37"]
[White "Collin Moritz Valentin"]
[Black "Kolbus Dietmar"]
[Result "0-1"]
[ECO "E60"]
[WhiteElo "2129"]
[BlackElo "2285"]
[Annotator "ChessBase"]
[PlyCount "110"]
[EventDate "2022.07.13"]
[EventType "swiss"]
[EventCountry "SUI"]
[SourceTitle "playchess.com"]
[Source "ChessBase"]
[SourceQuality "1"]
[TimeControl "40/5400+30:1800+30"]

1. d4 Nf6 2. c4 g6 3. h4 Bg7 4. Nc3 d6 5. e4 Na6 6. Be2 c5 7. d5 h5 8. Bg5 Nh7 9. Be3 Bxc3+ 10. bxc3 Qa5 11. Qb3 Nc7 12. Nf3 Bg4 13. O-O b6 14. Qc2 O-O-O 15. a4 f6 16. Nd2 Bxe2 17. Nb3 Qa6 18. Qxe2 Nf8 19. Rfb1 Nd7 20. a5 b5 21. cxb5 Qxb5 22. Qxb5 Nxb5 23. Nxc5 Nxc3 24. Ne6 Nxb1 25. Rxb1 a6 26. Rc1+ Kb8 27. Rc7 Nc5 28. Bxc5 dxc5 29. Rxe7 Rde8 30. Rf7 c4 31. Kf1 c3 32. Ke2 c2 33. Kd2 Rc8 34. Kc1 Rc4 35. d6 Rxe4 36. Nc5 Re2 37. Nxa6+ Ka8 38. d7 Rd8 39. Nb4 Kb7 40. a6+ Kc7 41. Nxc2 Re6 42. Nb4 Rd6 43. Kc2 R8xd7 44. Rxd7+ Rxd7 45. Nd3 Rd4 46. g3 g5 47. hxg5 fxg5 48. f4 h4 49. gxh4 gxh4 50. f5 h3 51. f6 h2 52. f7 Rd8 53. Nf2 Rf8 54. Kd2 Rxf7 55. Nh1 Rf1 0-1

[Event "55th Biel Festival MTO 2022"]
[Site "Biel"]
[Date "2022.07.15"]
[Round "2.38"]
[White "Bewersdorff Oliver"]
[Black "Shubin Daniel"]
[Result "1/2-1/2"]
[ECO "E08"]
[WhiteElo "2280"]
[BlackElo "2120"]
[Annotator "ChessBase"]
[PlyCount "48"]
[EventDate "2022.07.13"]
[EventType "swiss"]
[EventCountry "SUI"]
[SourceTitle "playchess.com"]
[Source "ChessBase"]
[SourceQuality "1"]
[TimeControl "40/5400+30:1800+30"]

1. Nf3 d5 2. g3 Nf6 3. Bg2 e6 4. O-O Be7 5. d4 O-O 6. c4 c6 7. Qc2 b6 8. Bf4 Nbd7 9. Rd1 Bb7 10. Nc3 Nh5 11. Bc1 Nhf6 12. Bf4 Nh5 13. Bc1 Nhf6 14. b3 Rc8 15. Bb2 c5 16. cxd5 cxd4 17. Nxd4 Nxd5 18. a3 Nxc3 19. Bxc3 Bxg2 20. Kxg2 Qc7 21. Rdc1 Qb7+ 22. Nf3 Ne5 23. Qb2 Nxf3 24. exf3 Rxc3 1/2-1/2

[Event "55th Biel Festival MTO 2022"]
[Site "Biel"]
[Date "2022.07.15"]
[Round "3.1"]
[White "Aryan Chopra"]
[Black "Fedoseev Vladimir"]
[Result "1-0"]
[ECO "C18"]
[WhiteElo "2610"]
[BlackElo "2686"]
[Annotator "ChessBase"]
[PlyCount "177"]
[EventDate "2022.07.13"]
[EventType "swiss"]
[EventCountry "SUI"]
[SourceTitle "playchess.com"]
[Source "ChessBase"]
[SourceQuality "1"]
[TimeControl "40/5400+30:1800+30"]

1. e4 e6 2. d4 d5 3. Nc3 Bb4 4. e5 c5 5. a3 Ba5 6. b4 cxd4 7. Qg4 Kf8 8. Nb5 Bc7 9. Qxd4 Ne7 10. Nxc7 Qxc7 11. Nf3 Bd7 12. Bd3 Nbc6 13. Qf4 Ng6 14. Bxg6 hxg6 15. O-O Kg8 16. Bb2 Ne7 17. Rac1 Qc4 18. Bd4 b6 19. Rfd1 Rf8 20. Rd3 Qc7 21. Rc3 Qb8 22. Re1 Ba4 23. Ng5 Qd8 24. g4 Nc6 25. Nf3 Qd7 26. Kg2 Rc8 27. Ng5 Nd8 28. Rxc8 Qxc8 29. Re3 Bb5 30. Rc3 Qd7 31. Qd2 Kf8 32. Rf3 Ke8 33. h3 Qe7 34. Kg3 Rf8 35. Nh7 Rh8 36. Ng5 Qc7 37. Qf4 Be2 38. Rc3 Bc4 39. Rf3 Bb5 40. Kh2 Qe7 41. Qd2 Ba4 42. Kg3 Qc7 43. Qf4 Qd7 44. Qd2 Bb5 45. Kg2 Qc7 46. Qf4 Qe7 47. Qd2 Qb7 48. Kh2 Qa6 49. Qf4 Rf8 50. Nh7 Rh8 51. Ng5 Qb7 52. Qd2 Qb8 53. Qf4 Kd7 54. Qg3 Rf8 55. c3 Qc7 56. Qh4 Kc8 57. Qh7 f6 58. Kg1 f5 59. Qxg6 Be8 60. Qh7 Qe7 61. h4 fxg4 62. Rxf8 Qxf8 63. Kg2 Nc6 64. Nxe6 Qf3+ 65. Kg1 Qd1+ 66. Kg2 Qf3+ 67. Kg1 Qd1+ 68. Kh2 g3+ 69. fxg3 Qe2+ 70. Kh3 Qf1+ 71. Kg4 Qe2+ 72. Kg5 Nxd4 73. cxd4 Qe3+ 74. Nf4 Qxg3+ 75. Kf5 Kb7 76. Qg8 Bg6+ 77. Ke6 Be4 78. Qf7+ Ka6 79. Kd6 Qxa3 80. Nxd5 Qd3 81. b5+ Kxb5 82. Qd7+ Ka5 83. Qxa7+ Qa6 84. Qxa6+ Kxa6 85. e6 Bg6 86. Nc7+ Ka5 87. d5 b5 88. Nxb5 Kxb5 89. Ke7 1-0

[Event "55th Biel Festival MTO 2022"]
[Site "Biel"]
[Date "2022.07.15"]
[Round "3.2"]
[White "Iniyan P"]
[Black "Sargsyan Shant"]
[Result "1/2-1/2"]
[ECO "D38"]
[WhiteElo "2533"]
[BlackElo "2661"]
[Annotator "ChessBase"]
[PlyCount "30"]
[EventDate "2022.07.13"]
[EventType "swiss"]
[EventCountry "SUI"]
[SourceTitle "playchess.com"]
[Source "ChessBase"]
[SourceQuality "1"]
[TimeControl "40/5400+30:1800+30"]

1. d4 Nf6 2. c4 e6 3. Nf3 d5 4. Nc3 Bb4 5. Bg5 h6 6. Bxf6 Qxf6 7. Qa4+ Nc6 8. e3 O-O 9. Be2 dxc4 10. O-O Bd7 11. Bxc4 Bxc3 12. bxc3 Rfd8 13. Qa3 Qe7 14. Qb2 Na5 15. Be2 c5 1/2-1/2

[Event "55th Biel Festival MTO 2022"]
[Site "Biel"]
[Date "2022.07.15"]
[Round "3.3"]
[White "Shevchenko Kirill"]
[Black "Visakh N R"]
[Result "0-1"]
[ECO "C54"]
[WhiteElo "2654"]
[BlackElo "2503"]
[Annotator "ChessBase"]
[PlyCount "73"]
[EventDate "2022.07.13"]
[EventType "swiss"]
[EventCountry "SUI"]
[SourceTitle "playchess.com"]
[Source "ChessBase"]
[SourceQuality "1"]
[TimeControl "40/5400+30:1800+30"]

1. e4 e5 2. Nf3 Nc6 3. Bc4 Bc5 4. c3 Nf6 5. d3 a6 6. O-O d6 7. Bb3 Ba7 8. Nbd2 h6 9. Re1 g5 10. d4 g4 11. Nh4 exd4 12. Nf1 Be6 13. Ng3 Qd7 14. Ngf5 O-O-O 15. Nxd4 Nxd4 16. cxd4 Bxb3 17. Qxb3 Rde8 18. d5 Nxe4 19. Be3 Bxe3 20. Qxe3 Kb8 21. Qf4 Nc5 22. Nf5 h5 23. Qg5 f6 24. Rxe8+ Rxe8 25. Qxf6 Ne4 26. Qg6 Re5 27. Nd4 Qa4 28. Ne6 Qc2 29. Rf1 Qc4 30. Re1 Nc3 31. Ra1 Nxd5 32. Nf8 Ka7 33. Qf7 Qe4 34. Rf1 Nf4 35. f3 Qd4+ 36. Kh1 Qf2 37. Rg1 0-1

[Event "55th Biel Festival MTO 2022"]
[Site "Biel"]
[Date "2022.07.15"]
[Round "3.4"]
[White "Gagare Shardul"]
[Black "Motylev Alexander"]
[Result "1/2-1/2"]
[ECO "E11"]
[WhiteElo "2514"]
[BlackElo "2632"]
[Annotator "ChessBase"]
[PlyCount "20"]
[EventDate "2022.07.13"]
[EventType "swiss"]
[EventCountry "SUI"]
[SourceTitle "playchess.com"]
[Source "ChessBase"]
[SourceQuality "1"]
[TimeControl "40/5400+30:1800+30"]

1. d4 Nf6 2. c4 e6 3. Nf3 d5 4. g3 Be7 5. Bg2 O-O 6. O-O c6 7. Qc2 b6 8. Bg5 Bb7 9. Nbd2 Nbd7 10. e4 Nxe4 1/2-1/2

[Event "55th Biel Festival MTO 2022"]
[Site "Biel"]
[Date "2022.07.15"]
[Round "3.5"]
[White "Lagarde Maxime"]
[Black "Pranav Anand"]
[Result "0-1"]
[ECO "D31"]
[WhiteElo "2631"]
[BlackElo "2463"]
[Annotator "ChessBase"]
[PlyCount "92"]
[EventDate "2022.07.13"]
[EventType "swiss"]
[EventCountry "SUI"]
[SourceTitle "playchess.com"]
[Source "ChessBase"]
[SourceQuality "1"]
[TimeControl "40/5400+30:1800+30"]

1. c4 e6 2. Nc3 d5 3. d4 c6 4. e4 dxe4 5. Nxe4 Bb4+ 6. Bd2 Qxd4 7. Bxb4 Qxe4+ 8. Be2 Na6 9. Bd6 Qxg2 10. Qd2 e5 11. Bf3 Qg6 12. Rd1 Bf5 13. Bxe5 Qe6 14. Qe3 f6 15. Bc3 Qxe3+ 16. fxe3 Nc5 17. Ne2 Nd3+ 18. Kf1 Ne5 19. Ng3 Be6 20. Kf2 Nh6 21. Nh5 Kf7 22. Rhg1 Nhg4+ 23. Bxg4 Bxg4 24. Rxg4 Nxg4+ 25. Kf3 Ne5+ 26. Bxe5 fxe5 27. Rd7+ Ke6 28. Rxg7 Rhg8 29. Rxb7 Raf8+ 30. Ke4 Rf7 31. Rxf7 Kxf7 32. Ng3 Ke6 33. b3 Rf8 34. Nh5 Rf2 35. Ng7+ Kf7 36. Nf5 Kf6 37. Nh6 Kg5 38. Ng8 Rf7 39. Kxe5 Rg7 40. Kd6 Rxg8 41. Kxc6 Re8 42. b4 Rxe3 43. a4 Rh3 44. a5 Rxh2 45. Kb7 h5 46. b5 h4 0-1

[Event "55th Biel Festival MTO 2022"]
[Site "Biel"]
[Date "2022.07.15"]
[Round "3.6"]
[White "Bharath Subramaniyam H"]
[Black "Sethuraman S.P."]
[Result "1/2-1/2"]
[ECO "A17"]
[WhiteElo "2479"]
[BlackElo "2623"]
[Annotator "ChessBase"]
[PlyCount "124"]
[EventDate "2022.07.13"]
[EventType "swiss"]
[EventCountry "SUI"]
[SourceTitle "playchess.com"]
[Source "ChessBase"]
[SourceQuality "1"]
[TimeControl "40/5400+30:1800+30"]

1. c4 Nf6 2. Nc3 e6 3. Nf3 d5 4. e3 a6 5. b3 b6 6. Bb2 Bb7 7. Qc2 Nbd7 8. Be2 Bd6 9. cxd5 exd5 10. Nd4 g6 11. O-O c5 12. Nf3 Qc7 13. Rac1 Rc8 14. Qb1 Qb8 15. Na4 d4 16. exd4 Bxf3 17. Bxf3 Bxh2+ 18. Kh1 Qf4 19. Rfe1+ Kf8 20. dxc5 Qh4 21. Rc4 Bf4+ 22. Kg1 Qh2+ 23. Kf1 Qh1+ 24. Ke2 Re8+ 25. Re4 Nxe4 26. Rxh1 Nxd2+ 27. Kd3 Nxb1 28. Bxh8 Nd2 29. Bd5 h5 30. Kd4 Nxc5 31. Nxc5 bxc5+ 32. Kxc5 Rd8 33. g3 Bg5 34. Be5 Be7+ 35. Kc6 Rc8+ 36. Bc7 Bd8 37. Kd7 Rxc7+ 38. Kxd8 Rc5 39. Bb7 Ra5 40. Re1 Rxa2 41. Re2 a5 42. Bd5 Rb2 43. f4 Kg7 44. Ke7 Rc2 45. Kd6 Kf6 46. Re7 Kf5 47. Rxf7+ Kg4 48. Rg7 Kf5 49. Be6+ Ke4 50. Rxg6 Kd4 51. Bd5 Rc5 52. Rg5 Rb5 53. Bc6 Rxb3 54. Rd5+ Ke3 55. Rxh5 a4 56. Bxa4 Ne4+ 57. Ke5 Ra3 58. g4 Nf2 59. Bd7 Nxg4+ 60. Bxg4 Ra5+ 61. Kf6 Rxh5 62. Bxh5 Kxf4 1/2-1/2

[Event "55th Biel Festival MTO 2022"]
[Site "Biel"]
[Date "2022.07.15"]
[Round "3.7"]
[White "Prraneeth Vuppala"]
[Black "Puranik Abhimanyu"]
[Result "0-1"]
[ECO "B46"]
[WhiteElo "2457"]
[BlackElo "2612"]
[Annotator "ChessBase"]
[PlyCount "100"]
[EventDate "2022.07.13"]
[EventType "swiss"]
[EventCountry "SUI"]
[SourceTitle "playchess.com"]
[Source "ChessBase"]
[SourceQuality "1"]
[TimeControl "40/5400+30:1800+30"]

1. e4 c5 2. Nf3 e6 3. d4 cxd4 4. Nxd4 Nc6 5. Nc3 a6 6. Bf4 d6 7. Bg3 Be7 8. Be2 Bd7 9. Nb3 Qc7 10. Qd2 Rd8 11. O-O-O Bc8 12. Kb1 Nf6 13. Rhe1 O-O 14. Qe3 b5 15. a3 Ne5 16. f4 Nc4 17. Bxc4 bxc4 18. Nd4 Bd7 19. e5 dxe5 20. fxe5 Nh5 21. Bf2 Rb8 22. Ka2 Qa5 23. Rb1 f5 24. Red1 Rb7 25. Be1 Rfb8 26. Ncb5 Qb6 27. Nd6 Bxd6 28. exd6 Nf6 29. Qe5 Ng4 30. Qe2 e5 31. h3 exd4 32. Qxc4+ Kh8 33. hxg4 Qxd6 34. Rxd4 Qe7 35. gxf5 Bxf5 36. Ka1 Qxa3+ 37. Qa2 Qxa2+ 38. Kxa2 Bxc2 39. Rc1 Rxb2+ 40. Ka1 R2b3 41. Rxc2 Rb1+ 42. Ka2 Rxe1 43. Ra4 Re6 44. Rb4 Ree8 45. Ra4 Rb6 46. Re4 Reb8 47. g4 h6 48. Ka3 Rb1 49. Ra2 R8b5 50. Ka4 Rg1 0-1

[Event "55th Biel Festival MTO 2022"]
[Site "Biel"]
[Date "2022.07.15"]
[Round "3.8"]
[White "Iturrizaga Bonelli Eduardo"]
[Black "Panjwani Raja"]
[Result "1/2-1/2"]
[ECO "E73"]
[WhiteElo "2619"]
[BlackElo "2450"]
[Annotator "ChessBase"]
[PlyCount "33"]
[EventDate "2022.07.13"]
[EventType "swiss"]
[EventCountry "SUI"]
[SourceTitle "playchess.com"]
[Source "ChessBase"]
[SourceQuality "1"]
[TimeControl "40/5400+30:1800+30"]

1. d4 Nf6 2. c4 g6 3. Nc3 Bg7 4. e4 d6 5. Be2 O-O 6. Be3 Nc6 7. Nf3 Ng4 8. Bg5 h6 9. Bh4 g5 10. Bg3 e5 11. d5 Nd4 12. h3 Nf6 13. Nxd4 exd4 14. Qxd4 Nh5 15. Qe3 Nxg3 16. fxg3 c5 17. dxc6 1/2-1/2

[Event "55th Biel Festival MTO 2022"]
[Site "Biel"]
[Date "2022.07.15"]
[Round "3.9"]
[White "Gaehwiler Gabriel"]
[Black "Yu Yangyi"]
[Result "0-1"]
[ECO "E68"]
[WhiteElo "2420"]
[BlackElo "2720"]
[Annotator "ChessBase"]
[PlyCount "60"]
[EventDate "2022.07.13"]
[EventType "swiss"]
[EventCountry "SUI"]
[SourceTitle "playchess.com"]
[Source "ChessBase"]
[SourceQuality "1"]
[TimeControl "40/5400+30:1800+30"]

1. d4 Nf6 2. c4 g6 3. Nf3 Bg7 4. g3 O-O 5. Bg2 d6 6. O-O Nbd7 7. Nc3 e5 8. e4 exd4 9. Nxd4 Re8 10. b3 Nc5 11. f3 c6 12. Be3 d5 13. Nxc6 bxc6 14. Bxc5 dxc4 15. Qxd8 Rxd8 16. Rfd1 Be6 17. bxc4 Nd7 18. Bd4 Ne5 19. Ne2 Bxc4 20. Kf2 Nd3+ 21. Ke3 Nb4 22. Rdc1 Bxa2 23. Bxg7 Rd3+ 24. Kf2 Kxg7 25. Bf1 a5 26. Rc5 Rd2 27. Kg1 a4 28. Nc3 Bb3 29. Rb1 Nc2 30. Rxc6 Nd4 0-1

[Event "55th Biel Festival MTO 2022"]
[Site "Biel"]
[Date "2022.07.15"]
[Round "3.10"]
[White "Banusz Tamas"]
[Black "Souleidis Georgios"]
[Result "1-0"]
[ECO "D02"]
[WhiteElo "2611"]
[BlackElo "2426"]
[Annotator "ChessBase"]
[PlyCount "93"]
[EventDate "2022.07.13"]
[EventType "swiss"]
[EventCountry "SUI"]
[SourceTitle "playchess.com"]
[Source "ChessBase"]
[SourceQuality "1"]
[TimeControl "40/5400+30:1800+30"]

1. Nf3 d5 2. d4 Nf6 3. Bf4 c5 4. e3 Nc6 5. Nbd2 cxd4 6. exd4 Bf5 7. Bb5 e6 8. Ne5 Qb6 9. c4 dxc4 10. a4 Bb4 11. O-O O-O 12. Ndxc4 Qxd4 13. Nxc6 Qxf4 14. Nxb4 a6 15. Qd6 Qxd6 16. Nxd6 axb5 17. axb5 Be4 18. f3 Bd5 19. Rxa8 Rxa8 20. Rc1 Kf8 21. Rc7 Ne8 22. Rxf7+ Kg8 23. Rd7 Ra1+ 24. Kf2 Nxd6 25. Rxd6 Rb1 26. Nxd5 Rxb2+ 27. Kg3 exd5 28. Rxd5 h6 29. h4 Kh7 30. h5 Kg8 31. Rf5 Kh7 32. Kh3 Kg8 33. g4 Rd2 34. Kg3 Rd4 35. Kf2 Rd6 36. Ke3 Rd1 37. Ke4 Rd2 38. Rd5 Re2+ 39. Kf5 Re7 40. Rd8+ Kh7 41. f4 Rc7 42. Ke5 Rc5+ 43. Rd5 Rc4 44. g5 hxg5 45. fxg5 Rh4 46. Kd6 Rxh5 47. Kc7 1-0

[Event "55th Biel Festival MTO 2022"]
[Site "Biel"]
[Date "2022.07.15"]
[Round "3.11"]
[White "Huschenbeth Niclas"]
[Black "Materia, Marco"]
[Result "1/2-1/2"]
[ECO "B48"]
[WhiteElo "2610"]
[BlackElo "2409"]
[Annotator "ChessBase"]
[PlyCount "164"]
[EventDate "2022.07.13"]
[EventType "swiss"]
[EventCountry "SUI"]
[SourceTitle "playchess.com"]
[Source "ChessBase"]
[SourceQuality "1"]
[TimeControl "40/5400+30:1800+30"]

1. e4 c5 2. Nf3 e6 3. d4 cxd4 4. Nxd4 Nc6 5. Nc3 Qc7 6. Be3 a6 7. g4 b5 8. Nxc6 Qxc6 9. Qd2 b4 10. Ne2 Qxe4 11. Rg1 Qc4 12. Ng3 Qc7 13. O-O-O Nf6 14. Bf4 Qb6 15. Be5 d5 16. Kb1 Bb7 17. g5 Nd7 18. Bd4 Qc7 19. f4 Rg8 20. Nh5 Bc5 21. Rg3 Bxd4 22. Qxd4 g6 23. Nf6+ Nxf6 24. gxf6 Rc8 25. c3 Qc5 26. Qd2 Kd7 27. cxb4 Qb6 28. a4 Rgd8 29. Bd3 Rc7 30. Ka2 Kc8 31. a5 Qc6 32. Bf1 d4 33. b5 axb5 34. Rb3 Rd5 35. Qb4 Qc2 36. Rd2 Qc5 37. Bg2 Qc4 38. Bxd5 Bxd5 39. Rxd4 Qxb4 40. Rdxb4 Kb7 41. Rxb5+ Ka6 42. Rxd5 exd5 43. Re3 Kxa5 44. Re7 Rc4 45. f5 Rf4 46. Rxf7 Rxf5 47. Rf8 Kb6 48. Kb3 Rf4 49. Kc3 g5 50. Kd3 h6 51. Ke3 Re4+ 52. Kd3 Rf4 53. b4 Kc7 54. f7 Kb7 55. Kc3 h5 56. Kd3 Ka7 57. Ke3 Re4+ 58. Kf3 Rf4+ 59. Ke3 Re4+ 60. Kf3 Rf4+ 61. Kg3 Rg4+ 62. Kf2 Rf4+ 63. Ke2 Re4+ 64. Kd3 Rf4 65. Kc3 Kb7 66. Kb3 Rf3+ 67. Ka4 d4 68. Rg8 Rxf7 69. Rxg5 Rd7 70. Kb3 d3 71. Rg1 Kb6 72. Kc4 d2 73. Rd1 Rd8 74. h4 Rd7 75. Kc3 Kb5 76. Rxd2 Rxd2 77. Kxd2 Kxb4 78. Ke3 Kc5 79. Kf4 Kd6 80. Kg5 Ke7 81. Kxh5 Kf8 82. Kg6 Kg8 1/2-1/2

[Event "55th Biel Festival MTO 2022"]
[Site "Biel"]
[Date "2022.07.15"]
[Round "3.12"]
[White "Unuk, Laura"]
[Black "Ganguly Surya Shekhar"]
[Result "0-1"]
[ECO "E51"]
[WhiteElo "2340"]
[BlackElo "2608"]
[Annotator "ChessBase"]
[PlyCount "120"]
[EventDate "2022.07.13"]
[EventType "swiss"]
[EventCountry "SUI"]
[SourceTitle "playchess.com"]
[Source "ChessBase"]
[SourceQuality "1"]
[TimeControl "40/5400+30:1800+30"]

1. d4 Nf6 2. c4 e6 3. Nc3 Bb4 4. e3 O-O 5. Bd2 d5 6. Nf3 b6 7. cxd5 exd5 8. Bd3 Bd6 9. Nb5 Be7 10. Ne5 c5 11. O-O Bb7 12. Rc1 Re8 13. Nc3 Nc6 14. Bb5 Qd6 15. Ne2 Rec8 16. Bc3 Ne4 17. dxc5 bxc5 18. Nxc6 Bxc6 19. Bxc6 Rxc6 20. Qc2 Nxc3 21. Nxc3 Qe5 22. Rfe1 Rd8 23. Rcd1 Rcd6 24. e4 dxe4 25. Rxd6 Bxd6 26. Qxe4 Qxh2+ 27. Kf1 Bf8 28. Rd1 Rb8 29. b3 Rb6 30. g3 Rf6 31. Qg2 Qh5 32. Rd8 Re6 33. Rd1 h6 34. Qd5 Qh3+ 35. Kg1 h5 36. Ne4 Qg4 37. Ng5 Rf6 38. Re1 Qf5 39. Qxf5 Rxf5 40. f4 Rd5 41. Re2 Rd1+ 42. Kg2 Rc1 43. Kh3 c4 44. bxc4 Rxc4 45. Rb2 Rc7 46. Rb8 g6 47. Nh7 Kxh7 48. Rxf8 Kg7 49. Ra8 Kf6 50. a4 Ke6 51. Re8+ Kd6 52. Re5 Rc5 53. Rxc5 Kxc5 54. Kh4 Kd5 55. Kg5 Ke6 56. a5 a6 57. f5+ gxf5 58. Kxh5 f4 59. Kg4 fxg3 60. Kxg3 Kd5 0-1